 Dungeon Crawl Stone Soup version 0.23-a0-841-g41928f0 (webtiles) character file.

111 zishaf the Magician (level 4, 0/32 HPs)
             Began as a Gnoll Wizard on Jan 25, 2019.
             Was a Follower of Vehumet.
             Slain by a river rat (7 damage)
             ... on level 3 of the Dungeon.
             The game lasted 00:04:35 (2338 turns).

zishaf the Magician (Gnoll Wizard)                  Turns: 2338, Time: 00:04:36

Health: 0/32       AC:  8    Str:  9    XL:     4   Next: 92%
Magic:  6/13       EV: 14    Int: 21    God:    Vehumet [*.....]
Gold:   159        SH:  0    Dex: 14    Spells: 6/17 levels left

rFire    . . .     SeeInvis .   a - +0 whip (elec)
rCold    . . .     Gourm    .   (no shield)
rNeg     . . .     Faith    .   c - +0 robe
rPois    .         Spirit   .   f - +2 helmet
rElec    .         Reflect  .   j - +0 cloak
rCorr    .         Harm     .   n - +1 pair of gloves
MR       .....     Rnd*Tele +   (no boots)
Stlth    ++........             r - amulet of the acrobat
HPRegen  0.10/turn              o - ring of teleportation (curse)
MPRegen  0.13/turn              (no ring)

@: very slow
A: distributed training, fangs 1, strong nose
a: Renounce Religion


You were on level 3 of the Dungeon.
You worshipped Vehumet.
Vehumet was aware of your devotion.
You were hungry.

You visited 1 branch of the dungeon, and saw 3 of its levels.

You collected 159 gold pieces.

Inventory:

Hand Weapons
 a - a +0 whip of electrocution (weapon)
 b - a +0 hunting sling
Missiles
 e - 69 stones (quivered)
Armour
 c - a +0 robe (worn)
 f - a +2 helmet (worn)
 j - a +0 cloak (worn)
 n - a +1 pair of gloves (worn)
Jewellery
 o - a cursed ring of teleportation (left hand)
 r - an amulet of the acrobat (around neck)
Wands
 s - a wand of enslavement (5)
Scrolls
 l - a scroll of fear {unknown}
 p - 4 scrolls of identify
 t - a scroll of noise {unknown}
Potions
 g - 3 potions of curing
 h - a potion of haste {unknown}
 i - a potion of flight
 m - 2 potions of degeneration {unknown}
 q - a potion of agility {unknown}
Comestibles
 d - 5 rations
 k - 8 chunks of flesh


   Skills:
 + Level 1.2 Fighting
 + Level 1.2 Short Blades
 + Level 1.2 Long Blades
 + Level 1.2 Axes
 + Level 1.2 Maces & Flails
 + Level 1.2 Polearms
 + Level 1.2 Staves
 + Level 1.2 Slings
 + Level 1.2 Bows
 + Level 1.2 Crossbows
 + Level 1.2 Throwing
 + Level 1.2 Armour
 + Level 4.7 Dodging
 + Level 4.3 Stealth
 + Level 1.2 Shields
 + Level 1.2 Unarmed Combat
 + Level 7.2 Spellcasting
 + Level 2.3 Conjurations
 + Level 1.0 Hexes
 + Level 1.0 Charms
 + Level 2.3 Summonings
 + Level 1.0 Necromancy
 + Level 2.3 Translocations
 + Level 1.0 Transmutations
 + Level 1.0 Fire Magic
 + Level 1.0 Ice Magic
 + Level 1.0 Air Magic
 + Level 1.0 Earth Magic
 + Level 1.0 Poison Magic
 + Level 1.4 Invocations
 + Level 1.2 Evocations


You had 6 spell levels left.
You knew the following spells:

 Your Spells              Type           Power        Failure   Level  Hunger
a - Magic Dart            Conj           ###.         3%          1    None
b - Call Imp              Summ           ###.....     4%          2    None
c - Conjure Flame         Conj/Fire      ##......     13%         3    None
d - Blink                 Tloc           N/A          4%          2    None
z - Mephitic Cloud        Conj/Pois/Air  ##......     14%         3    None

Your spell library contained the following spells:

 Spells                   Type           Power        Failure   Level  Hunger
 Sting                    Conj/Pois      ##..         4%          1    None
 Slow                     Hex            ##......     9%          2    None


Dungeon Overview and Level Annotations

Branches:
Dungeon (3/15)

Altars:
Gozag
Uskayaw
Vehumet


Innate Abilities, Weirdness & Mutations

Your experience applies equally to all skills.
You have very sharp teeth.
Your uncanny sense of smell can sniff out nearby items.


Message History

Vehumet accepts your kill.
You feel sick. The river rat barely misses you.
Okay, then.
You feel sick.
You feel sick. The river rat completely misses you.
A rat and a river rat come into view.
The rat completely misses you. x2
You feel sick. The river rat completely misses you.
You hear the brisk rusting of a drain.
The river rat misses you.
You feel sick.
Your unstable footing causes you to fumble your attack.
The river rat bites you but does no damage.
Your unstable footing causes you to fumble your attack.
You feel sick.
The river rat bites you but does no damage.
It was a potion of curing.
You feel better. The river rat bites you.
* * * LOW HITPOINT WARNING * * *
You barely miss the river rat. The river rat bites you!
You die...

#.# ∆ ### ## #≈# ≈# ≈≈#
≈# #≈##r ### #≈#≈≈ # ..#
##+## #≈#≈##≈# #.#
##...## #@#≈≈≈≈# #.#
##.....## #r#≈####
#.###(......## #r≈r≈w≈#
#.##.......(.########≈#
...'.........≈≈≈≈≈≈w≈≈#
...#.........≈≈#≈#≈#####
...##.......#.≈.≈≈≈≈≈..#
...###.....##.....≈....#
#### ##...###..........#


You could see a river rat and a rat.

Vanquished Creatures
  6 adders
  2 dart slugs
  3 leopard geckos
  An orc (D:3)
  A giant cockroach (D:2)
  4 goblins
  4 hobgoblins
  7 jackals
  A ball python (D:2)
  8 bats
  5 frilled lizards
  4 kobolds
  6 rats
52 creatures vanquished.

Notes
Turn   | Place    | Note
-------+----------+-------------------------------------------
     0 | D:1      | zishaf the Gnoll Wizard began the quest for the Orb.
     0 | D:1      | Reached XP level 1. HP: 13/13 MP: 8/8
   469 | D:1      | Reached XP level 2. HP: 18/19 MP: 10/10
   529 | D:1      | Learned a level 2 spell: Call Imp
  1033 | D:2      | Reached XP level 3. HP: 25/25 MP: 11/11
  1403 | D:2      | Reached skill level 1 in Invocations
  1411 | D:2      | Learned a level 3 spell: Conjure Flame
  1415 | D:2      | Learned a level 3 spell: Mephitic Cloud
  1418 | D:2      | Learned a level 2 spell: Blink
  1473 | D:2      | Reached skill level 1 in Fighting
  1473 | D:2      | Reached skill level 1 in Short Blades
  1473 | D:2      | Reached skill level 1 in Long Blades
  1473 | D:2      | Reached skill level 1 in Axes
  1473 | D:2      | Reached skill level 1 in Maces & Flails
  1473 | D:2      | Reached skill level 1 in Polearms
  1473 | D:2      | Reached skill level 1 in Staves
  1473 | D:2      | Reached skill level 1 in Slings
  1473 | D:2      | Reached skill level 1 in Bows
  1473 | D:2      | Reached skill level 1 in Crossbows
  1473 | D:2      | Reached skill level 1 in Throwing
  1473 | D:2      | Reached skill level 1 in Armour
  1473 | D:2      | Reached skill level 1 in Shields
  1473 | D:2      | Reached skill level 1 in Unarmed Combat
  1473 | D:2      | Reached skill level 1 in Evocations
  1532 | D:2      | Reached XP level 4. HP: 29/32 MP: 8/13
  1594 | D:2      | Found a faded altar of an unknown god.
  1697 | D:2      | Became a worshipper of Vehumet
  1697 | D:2      | Reached * piety under Vehumet
  1697 | D:2      | Offered knowledge of Sting by Vehumet.
  1893 | D:2      | Found an opulent altar of Gozag.
  1893 | D:2      | Found a hide-covered altar of Uskayaw.
  2296 | D:3      | Reached skill level 1 in Hexes
  2296 | D:3      | Reached skill level 1 in Charms
  2296 | D:3      | Reached skill level 1 in Necromancy
  2296 | D:3      | Reached skill level 1 in Transmutations
  2296 | D:3      | Reached skill level 1 in Fire Magic
  2296 | D:3      | Reached skill level 1 in Ice Magic
  2296 | D:3      | Reached skill level 1 in Air Magic
  2296 | D:3      | Reached skill level 1 in Earth Magic
  2296 | D:3      | Reached skill level 1 in Poison Magic
  2338 | D:3      | Slain by a river rat

Vault maps used:
D:1:      dpeg_arrival_water_temple_mockup, minmay_misc_feat_enclosed,
          minmay_pentomino_o4
D:2:      amethyst_overflow_temple_binary, chequers_ecumenical_altar_twisty
D:3:      lightli_sewer_entry_pipes

Skill      XL: |  1  2  3  4 |
---------------+-------------+-----
Conjurations   | 2 |  2.3
Summonings     | 2 |  2.3
Translocations | 2 |  2.3
Invocations    | 1 |  1.4
Fighting       | 1 |  1.2
Short Blades   | 1 |  1.2
Long Blades    | 1 |  1.2
Axes           | 1 |  1.2
Maces & Flails | 1 |  1.2
Polearms       | 1 |  1.2
Staves         | 1 |  1.2
Slings         | 1 |  1.2
Bows           | 1 |  1.2
Crossbows      | 1 |  1.2
Throwing       | 1 |  1.2
Armour         | 1 |  1.2
Shields        | 1 |  1.2
Unarmed Combat | 1 |  1.2
Evocations     | 1 |  1.2
Hexes          | 1 |  1.0
Charms         | 1 |  1.0
Necromancy     | 1 |  1.0
Transmutations | 1 |  1.0
Fire Magic     | 1 |  1.0
Ice Magic      | 1 |  1.0
Air Magic      | 1 |  1.0
Earth Magic    | 1 |  1.0
Poison Magic   | 1 |  1.0
Dodging        | |  4.7
Stealth        | |  4.3
Spellcasting   | |  7.2

Action                   |  1- 3 |  4- 6 || total
-------------------------+-------+-------++-------
Melee: Whip              |    98 |    46 ||   144
       Short sword       |    11 |       ||    11
       Bite              |    11 |       ||    11
 Fire: Hunting sling     |     5 |       ||     5
 Cast: Magic Dart        |     7 |    13 ||    20
  Use: Scroll            |       |     4 ||     4
       Potion            |       |     1 ||     1
 Stab: Sleeping          |     5 |     1 ||     6
  Eat: Chunk             |     2 |     2 ||     4
Armor: Robe              |    35 |    18 ||    53
Dodge: Dodged            |    88 |    66 ||   154

Table legend:
 A = Non-vault XP
 B = Vault XP
 C = Vault XP percentage of total XP
 D = Non-vault monster count
 E = Vault monster count
 F = Vault count percentage of total count
                 A         B        C        D         E       F
            +---------+---------+-------+---------+---------+-------
      Total |     130 |      29 |  18.2 |      47 |       5 |   9.6
            +---------+---------+-------+---------+---------+-------
        D:1 |      29 |       3 |   9.4 |      15 |       3 |  16.7
        D:2 |      71 |       0 |   0.0 |      20 |       0 |   0.0
        D:3 |      30 |      26 |  46.4 |      12 |       2 |  14.3
            +---------+---------+-------+---------+---------+-------
